Map: King's Cove LE

Players

Scarlett - Winner!

  • Race: Zerg Zerg
  • Spawn Location: 11:00

Bunny

  • Race: Terran Terran
  • Spawn Location: 5:00

Event: IEM Season 13: Katowice (2019)

VOD

Have the link to the VOD?

Description

Time

  • Played on: March 1, 2019, 2:56 p.m.
  • Length: 25:43

All games in this series

Show
View Real Time Build Order
Export as new Build Order

Scarlett Zerg - Winner!

Build Orders: Hatch First, Muta Ling Bane 

Get SALT Encoding   

  12  0:00  Drone  
  13  0:12  Overlord  
  13  0:18  Drone  
  14  0:30  Drone x2  
  16  0:49  Hatchery  
  15  0:52  Drone  
  15  0:57  Drone  
  17  0:59  Drone  
  18  1:11  Extractor  
  17  1:15  Spawning Pool  
  17  1:18  Drone  
  17  1:21  Drone  
  18  1:29  Drone  
  19  1:39  Drone  
  20  1:50  Drone  
  21  2:01  Queen  
  21  2:02  Zergling x4  
  27  2:13  Hatchery  
  24  2:16  Queen  
  24  2:19  Drone  
  27  2:24  Overlord  
  27  2:36  Metabolic Boost  
  27  2:42  Drone  
  27  2:47  Zergling x2  
  27  2:49  Spore Crawler  
  27  2:50  Drone  
  27  2:51  Drone x2  
  30  2:54  Overlord  
  30  2:56  Drone  
  32  3:03  Queen  
  34  3:12  Drone x2  
  36  3:14  Drone  
  36  3:17  Drone  
  38  3:21  Spore Crawler  
  38  3:24  Drone x4  
  42  3:29  Queen  
  44  3:38  Queen, Drone  
  44  3:40  Zergling x2  
  48  3:43  Overlord  
  48  3:46  Zergling x2  
  48  3:47  Zergling x2  
  50  3:51  Overlord  
  50  3:55  Overlord  
  50  4:01  Overlord  
  50  4:02  Drone x3  
  53  4:08  Drone x3  
  55  4:14  Queen  
  57  4:18  Drone x3  
  57  4:20  Zergling x2  
  61  4:25  Overlord  
  61  4:31  Drone x5  
  64  4:35  Spore Crawler  
  64  4:37  Spore Crawler  
  62  4:40  Zergling x6  
  65  4:56  Drone  
  65  4:57  Lair, Drone x8  
  74  5:01  Baneling Nest  
  74  5:06  Extractor x2  
  71  5:07  Drone x4  
  71  5:12  Extractor  
  74  5:15  Zergling x2  
  74  5:16  Zergling x10  
  80  5:24  Drone x2  
  81  5:34  Overlord  
  81  5:35  Evolution Chamber  
  81  5:36  Evolution Chamber  
  81  5:41  Drone x2, Overlord  
  81  5:44  Extractor  
  81  5:46  Drone, Extractor  
  81  5:49  Spore Crawler  
  79  5:52  Drone x3  
  79  5:53  Hatchery  
  80  5:58  Drone x7, Centrifical Hooks  
  87  6:06  Zerg Melee Weapons Level 1, Zerg Ground Armor Level 1  
  87  6:08  Drone x2  
  89  6:12  Drone x3  
  89  6:15  Overlord  
  92  6:20  Baneling x5  
  92  6:25  Spire  
  91  6:31  Drone x3  
  91  6:32  Drone x3  
  97  6:39  Zergling x10  
  102  6:44  Hatchery  
  102  6:46  Baneling  
  102  6:47  Baneling x5  
  100  6:55  Zergling x4  
  100  6:56  Zergling x6  
  100  6:57  Baneling x7  
  100  6:59  Overlord  
  105  7:02  Overlord  
  105  7:05  Zergling x2  
  105  7:06  Zergling x6  
  108  7:08  Overlord  
  100  7:23  Zergling x22  
  100  7:27  Baneling x5  
  111  7:32  Zergling x12  
  117  7:40  Mutalisk x5  
  117  7:41  Overlord  
  117  7:42  Overlord  
  117  7:44  Baneling x3  
  127  7:48  Baneling x9  
  127  7:52  Zerg Flyer Weapons Level 1  
  127  8:06  Zerg Ground Armor Level 2, Zerg Melee Weapons Level 2  
  127  8:09  Zergling x18  
  127  8:11  Drone  
  127  8:12  Drone x3  
  136  8:29  Mutalisk x3  
  136  8:30  Mutalisk  
  144  8:39  Drone  
  144  8:40  Drone x4  
  144  8:41  Overlord x3  
  149  8:43  Baneling x9  
  141  8:48  Drone x3  
  141  8:49  Drone x6  
  140  8:55  Extractor  
  140  8:56  Extractor  
  140  8:57  Infestation Pit  
  140  8:58  Pneumatized Carapace, Overseer  
  137  9:04  Drone x4  
  137  9:05  Drone x2  
  139  9:10  Overlord x3  
  135  9:21  Hatchery  
  133  9:27  Mutalisk x4  
  141  9:33  Mutalisk  
  141  9:34  Overlord  
  143  9:39  Hive  
  143  9:43  Mutalisk  
  143  9:45  Zergling x32  
  157  9:50  Zerg Flyer Weapons Level 2  
  157  9:56  Mutalisk  
  157  9:58  Zergling x16  
  167  10:08  Spine Crawler  
  164  10:16  Mutalisk  
  164  10:18  Zergling x20  
  180  10:31  Mutalisk  
  180  10:32  Mutalisk x2  
  180  10:33  Zergling x16  
  180  10:34  Zergling x2  
  187  10:38  Zergling x10  
  187  10:40  Baneling x6  
  192  10:44  Baneling x2  
  192  10:45  Baneling x10  
  192  10:46  Baneling x3  
  192  10:47  Baneling x2, Zergling x2  
  192  10:48  Zergling x8  
  196  10:57  Zergling x8  
  196  10:59  Adrenal Glands  
  197  11:11  Zergling x10  
  200  11:13  Zerg Ground Armor Level 3  
  200  11:17  Baneling x8  
  149  11:36  Zergling x40  
  149  11:37  Zerg Melee Weapons Level 3  
  143  11:43  Zergling x4  
  143  11:47  Ultralisk Cavern, Zergling x10  
  132  11:49  Overseer  
  132  11:51  Overseer, Zergling x6  
  132  11:54  Baneling x7, Zergling x2  
  140  11:55  Queen  
  140  11:58  Queen  
  140  12:00  Baneling x6  
  145  12:06  Zergling x4  
  145  12:07  Zergling x8  
  151  12:14  Zergling x16  
  158  12:18  Zergling x14  
  158  12:22  Zergling x10  
  170  12:27  Zergling x6  
  173  12:31  Zergling x6  
  173  12:35  Chitinous Plating  
  176  12:37  Ultralisk  
  188  12:44  Ultralisk  
  188  12:49  Ultralisk  
  194  12:55  Ultralisk  
  200  13:00  Baneling x5  
  200  13:02  Baneling x2  
  200  13:03  Baneling x10  
  200  13:09  Baneling x8  
  195  13:23  Zergling x10  
  197  13:34  Ultralisk, Zergling x36  
  170  13:39  Baneling x11  
  175  13:41  Queen  
  158  13:56  Greater Spire  
  158  14:02  Infestor x3  
  157  14:05  Overseer x2  
  157  14:09  Hatchery  
  161  14:10  Baneling x7  
  161  14:21  Zergling x2  
  161  14:22  Zergling x42  
  163  14:34  Corruptor  
  163  14:35  Corruptor x4  
  149  14:51  Baneling  
  149  14:52  Baneling x10  
  149  14:54  Anabolic Synthesis  
  149  14:55  Zergling x30  
  149  14:57  Extractor  
  149  14:58  Extractor  
  162  15:00  Drone  
  162  15:03  Baneling  
  161  15:18  Zergling x38  
  166  15:35  Corruptor x5  
  168  15:48  Drone x3  
  162  15:50  Zerg Flyer Armor Level 1  
  162  15:52  Infestor  
  162  15:53  Infestor  
  162  15:55  Hatchery  
  162  15:56  Queen  
  163  16:07  Hatchery  
  163  16:08  Brood Lord  
  164  16:13  Brood Lord  
  164  16:15  Infestor  
  168  16:38  Corruptor x4  
  168  16:39  Corruptor x2  
  180  16:43  Baneling x11  
  180  16:45  Overlord  
  180  16:47  Overlord  
  180  16:49  Overlord  
  180  17:04  Hatchery  
  166  17:11  Viper x2  
  166  17:14  Brood Lord x4  
  180  17:16  Zergling x10  
  180  17:22  Zergling x8  
  178  17:34  Extractor  
  178  17:37  Corruptor x3  
  170  17:49  Zergling x22  
  171  17:52  Drone  
  171  17:53  Drone  
  173  18:02  Drone x2  
  173  18:03  Drone x4  
  173  18:04  Extractor  
  178  18:09  Drone x3  
  181  18:19  Spore Crawler  
  180  18:24  Overseer  
  186  18:27  Ultralisk, Zerg Flyer Armor Level 2  
  167  18:45  Zergling x18  
  176  18:57  Ultralisk, Zergling x2  
  176  18:58  Zergling x14  
  183  19:11  Drone  
  183  19:15  Corruptor x6  
  183  19:16  Corruptor  
  194  19:25  Queen  
  194  19:27  Extractor  
  194  19:29  Baneling x4  
  194  19:30  Baneling x6  
  195  19:43  Drone x2  
  195  19:44  Drone  
  198  19:47  Spore Crawler  
  198  19:48  Spine Crawler  
  198  19:50  Zergling x8  
  198  19:51  Spine Crawler  
  199  20:02  Spore Crawler  
  199  20:05  Spine Crawler  
  197  20:11  Spine Crawler  
  196  20:20  Baneling x6  
  196  20:30  Brood Lord  
  196  20:31  Spore Crawler, Brood Lord  
  196  20:35  Spine Crawler  
  195  20:41  Queen  
  197  20:48  Spore Crawler  
  197  20:49  Viper  
  199  20:59  Drone x3  
  200  21:04  Zerg Flyer Weapons Level 3  
  200  21:15  Burrow  
  200  21:29  Spore Crawler  
  200  21:30  Spore Crawler x2  
  200  21:32  Hatchery  
  195  21:39  Viper  
  194  21:52  Queen  
  196  21:59  Overseer x2  
  182  22:09  Extractor  
  182  22:10  Zergling x2  
  182  22:11  Zergling x26  
  195  22:19  Spore Crawler  
  192  22:28  Queen  
  194  22:32  Baneling x3  
  190  22:40  Corruptor x7  
  200  22:46  Spore Crawler, Pathogen Glands  
  200  22:48  Spore Crawler  
  197  23:04  Queen  
  189  23:08  Corruptor x4, Viper  
  189  23:12  Overseer x2  
  199  23:25  Infestor  
  199  23:35  Spore Crawler  
  199  23:36  Spore Crawler  
  188  23:57  Zergling x12  
  188  23:58  Zergling x12  
  158  24:19  Ultralisk, Zergling x26  
  158  24:23  Baneling  
  158  24:24  Baneling x4  
  177  24:25  Zergling x20  
  177  24:26  Baneling  
  177  24:27  Baneling x18, Hatchery  
  177  24:28  Brood Lord x7  
  193  24:56  Corruptor x3  
  199  25:01  Spore Crawler  
  199  25:03  Corruptor x2  
Show
View Real Time Build Order
Export as new Build Order

Bunny Terran 

Build Orders: Reaper Expand, Hellion Banshee 

Get SALT Encoding   

  12  0:00  SCV  
  13  0:12  SCV  
  14  0:17  Supply Depot  
  14  0:25  SCV  
  15  0:39  SCV  
  15  0:40  Barracks  
  16  0:44  Refinery  
  16  0:51  SCV  
  17  1:03  SCV  
  18  1:15  SCV  
  19  1:27  Orbital Command, Reaper  
  20  1:41  Command Center  
  20  1:50  Supply Depot  
  20  1:54  SCV  
  20  1:59  Marine  
  22  2:06  SCV  
  23  2:11  Factory  
  23  2:18  SCV  
  23  2:22  Barracks Reactor  
  24  2:26  Refinery  
  24  2:30  SCV  
  25  2:42  SCV  
  26  2:54  Orbital Command, SCV  
  26  2:55  Starport  
  27  3:02  Hellion x2  
  27  3:04  Barracks Tech Lab  
  31  3:07  SCV  
  32  3:19  SCV  
  33  3:21  SCV  
  33  3:23  Hellion x2  
  38  3:29  Supply Depot  
  38  3:33  SCV x2  
  40  3:39  Viking  
  40  3:41  Marine  
  42  3:45  SCV, Hellion  
  46  3:50  SCV  
  46  3:51  Hellion  
  49  3:57  Supply Depot  
  49  3:58  SCV  
  50  4:02  SCV  
  51  4:12  Command Center  
  51  4:15  Banshee  
  54  4:18  Barracks Tech Lab  
  54  4:19  SCV  
  54  4:21  SCV  
  56  4:34  Barracks  
  56  4:35  SCV x2, Barracks  
  56  4:37  Supply Depot  
  58  4:41  Stimpack  
  58  4:42  Marine, Factory Reactor  
  59  4:47  SCV x2  
  61  4:54  Engineering Bay  
  61  4:56  Engineering Bay  
  61  5:00  Marine  
  61  5:06  SCV x2  
  64  5:07  Starport Reactor  
  64  5:09  Supply Depot  
  64  5:16  Supply Depot  
  64  5:18  Marine  
  64  5:19  SCV x2  
  67  5:24  Marine x2  
  67  5:26  Orbital Command  
  69  5:32  Terran Infantry Weapons Level 1, Terran Infantry Armor Level 1  
  69  5:35  Marine  
  69  5:36  Marine x2, Refinery  
  69  5:37  Refinery  
  69  5:40  Siege Tank  
  69  5:42  Marine  
  74  5:44  Marine, SCV x2  
  74  5:48  Medivac  
  79  5:52  Medivac  
  81  5:58  Orbital Command  
  81  5:59  SCV  
  81  6:00  SCV  
  81  6:02  Marine  
  81  6:03  Marine x3  
  87  6:05  Marine, Supply Depot  
  88  6:12  SCV x2  
  88  6:16  Siege Tank  
  93  6:22  Marine  
  93  6:23  Marine x3  
  93  6:24  Marine, SCV x2  
  100  6:27  Medivac  
  100  6:28  Medivac  
  101  6:33  SCV  
  101  6:34  Barracks  
  101  6:36  SCV x2  
  103  6:44  Armory, Barracks  
  103  6:45  Combat Shield  
  103  6:47  SCV  
  103  6:48  SCV  
  105  6:54  Marine x4  
  105  6:56  Refinery  
  105  7:00  Supply Depot  
  109  7:22  Marine x2, Widow Mine, SCV x3, Medivac x2  
  117  7:26  Barracks Reactor  
  117  7:30  Barracks Reactor  
  117  7:31  Command Center  
  117  7:32  Supply Depot  
  117  7:34  Terran Infantry Weapons Level 2  
  117  7:42  Supply Depot  
  117  7:43  Missile Turret  
  117  7:48  Missile Turret  
  117  7:53  Marine x2  
  117  7:54  Widow Mine, SCV x3  
  124  8:01  Marine  
  124  8:04  Marine, Marauder  
  128  8:06  Supply Depot, Concussive Shells, SCV x3, Factory  
  128  8:09  Terran Infantry Armor Level 2  
  128  8:11  Marine x2  
  133  8:13  Drilling Claws  
  133  8:18  Marine  
  133  8:26  Marauder  
  129  8:29  Supply Depot  
  129  8:30  Widow Mine  
  131  8:36  Marine  
  131  8:37  Marine x6  
  135  8:47  SCV x3  
  135  8:48  Marauder  
  139  8:53  Widow Mine x2, Barracks  
  139  8:54  Barracks x2  
  139  8:55  Sensor Tower  
  130  8:57  Marine x5  
  129  9:09  Marauder  
  128  9:12  Planetary Fortress  
  128  9:14  SCV x3  
  128  9:16  Marine x4  
  135  9:18  Supply Depot  
  135  9:20  Factory Reactor  
  133  9:26  SCV  
  133  9:27  Thor  
  133  9:30  Marauder  
  140  9:33  Marine x3  
  140  9:35  Medivac  
  145  9:39  Medivac  
  145  9:43  Barracks Tech Lab x2  
  145  9:44  Barracks Tech Lab  
  145  9:45  SCV x3  
  150  9:52  Marauder  
  150  9:53  Marine x8  
  150  9:57  Widow Mine x2  
  162  10:01  Missile Turret  
  162  10:02  Supply Depot  
  162  10:03  Supply Depot  
  162  10:04  Marauder x2  
  162  10:05  Marauder  
  168  10:08  Supply Depot  
  162  10:15  Marine, Marauder  
  162  10:16  Marine x7  
  162  10:21  Widow Mine  
  171  10:24  Widow Mine, Medivac  
  171  10:25  Marauder  
  171  10:28  Thor  
  183  10:35  Supply Depot  
  183  10:36  Terran Infantry Weapons Level 3  
  183  10:37  Supply Depot  
  183  10:38  Terran Infantry Armor Level 3  
  183  10:44  Missile Turret  
  183  10:46  Widow Mine x2  
  183  10:48  Marauder  
  183  10:49  Marauder  
  190  10:50  Marine x2  
  190  10:51  Marine  
  192  11:04  Marine x5, Marauder x2  
  193  11:07  Marine  
  199  11:15  Marine x4  
  199  11:22  Marine  
  199  11:25  Command Center  
  194  11:29  Marine x5, Marauder x2  
  166  11:32  Marine  
  166  11:33  Marine x2  
  166  11:38  Thor  
  166  11:39  Widow Mine x2  
  148  11:40  Marine x2  
  148  11:46  Medivac x2  
  140  11:47  Marine x2  
  140  11:51  Marine, Marauder x3  
  140  11:54  Marine x2  
  150  12:00  Marine x2  
  153  12:02  Marauder  
  153  12:06  SCV  
  153  12:07  Marine x2, SCV x2  
  160  12:09  Widow Mine  
  160  12:12  Widow Mine, Marauder  
  164  12:17  Marauder  
  164  12:18  Marine, Marauder  
  164  12:21  Marine x2  
  171  12:23  Marauder  
  171  12:24  Marine x3  
  176  12:35  Marauder  
  176  12:36  Marine x3  
  181  12:38  Marauder  
  181  12:40  Marauder  
  181  12:44  Thor  
  191  12:49  Widow Mine x2  
  193  12:52  Missile Turret  
  193  12:53  SCV  
  193  12:54  SCV x3  
  197  13:00  Marauder  
  197  13:02  Planetary Fortress  
  199  13:15  Marine  
  199  13:19  Marine x7  
  200  13:30  Thor  
  200  13:31  Widow Mine x2  
  200  13:33  Medivac x2  
  173  13:35  Marauder  
  173  13:36  Marine x2, Marauder x2  
  173  13:37  Marine x4  
  178  13:52  Widow Mine x2  
  178  13:55  Marauder  
  166  13:57  Marauder x2  
  166  13:58  Marauder  
  171  14:03  Medivac x2  
  171  14:08  Marine x4  
  179  14:10  Marine  
  179  14:11  Marine x2  
  179  14:12  Marine  
  179  14:13  Widow Mine  
  179  14:14  Widow Mine x2  
  179  14:15  Missile Turret  
  179  14:16  Liberator, Marauder  
  191  14:18  Marauder  
  191  14:19  Terran Vehicle And Ship Armor Level 1, Marauder  
  171  14:33  Medivac  
  171  14:37  Marauder  
  171  14:38  Marauder  
  167  14:39  Marine x5  
  167  14:40  Marine x3  
  167  14:45  Marauder x2  
  164  14:57  Marine x5  
  164  14:58  Marauder, Starport  
  164  14:59  Marauder  
  173  15:03  Medivac  
  173  15:05  Widow Mine x2  
  173  15:06  Widow Mine, Marauder x2  
  181  15:16  Medivac  
  181  15:18  Marine x8  
  181  15:20  Marauder x2  
  179  15:27  Marine x2  
  158  15:32  Widow Mine x2  
  158  15:34  Medivac  
  142  15:36  Marine x8  
  142  15:41  Marauder  
  142  15:42  Marauder  
  140  15:45  Marine, Marauder  
  140  15:46  Starport Tech Lab, Medivac  
  140  15:47  Fusion Core  
  144  15:50  Refinery  
  144  15:53  Marine  
  144  15:54  Marine x3  
  150  15:57  Widow Mine x3  
  150  16:00  Liberator  
  150  16:02  Marauder  
  150  16:03  Marauder  
  160  16:05  Marine x4  
  160  16:06  Marine  
  163  16:16  Command Center  
  166  16:18  Liberator  
  166  16:19  Liberator  
  170  16:40  Starport  
  170  16:42  Refinery  
  170  16:43  Refinery x2  
  170  16:54  Liberator  
  170  17:08  Advanced Ballistics  
  164  17:09  Widow Mine x2  
  164  17:11  Widow Mine  
  164  17:12  Marine, Marauder  
  164  17:13  Marine x7, Marauder  
  164  17:14  Liberator x2  
  185  17:18  Refinery  
  182  17:38  Marine  
  182  17:39  Marine x9  
  174  17:54  Viking  
  174  17:56  Marine x3  
  174  17:57  Marine x4  
  181  17:58  Starport Reactor  
  181  18:02  Starport x2  
  181  18:14  Viking x2  
  185  18:27  SCV  
  185  18:28  SCV x4  
  185  18:30  Command Center  
  185  18:34  Missile Turret x2  
  184  18:35  Sensor Tower  
  184  18:36  Missile Turret  
  184  18:40  Viking x3  
  170  18:41  Ghost Academy  
  170  18:44  Viking  
  161  18:52  Viking  
  161  18:57  Missile Turret  
  161  18:59  Missile Turret, Sensor Tower  
  146  19:04  Planetary Fortress  
  146  19:07  SCV x5  
  142  19:10  Viking  
  142  19:15  Widow Mine x3  
  147  19:19  SCV  
  147  19:22  Ghost x2  
  146  19:25  Viking x2  
  139  19:35  Viking  
  139  19:36  Viking, Ghost  
  145  19:53  Ghost x3  
  145  19:55  Personal Cloaking  
  145  19:56  Liberator x3  
  145  19:58  Orbital Command  
  151  20:00  Refinery x2  
  151  20:02  Sensor Tower  
  158  20:17  Viking  
  158  20:21  Viking  
  160  20:32  Terran Ship Weapons Level 1  
  159  20:37  Command Center  
  159  20:39  Command Center  
  159  20:41  Liberator x4  
  171  21:05  Liberator  
  168  21:16  Marine x6, Marauder x3  
  168  21:17  Marine x2  
  182  21:20  Command Center  
  182  21:24  Liberator  
  182  21:43  Marine x7, Marauder x4  
  198  22:01  Marine  
  198  22:02  Marine  
  198  22:07  Orbital Command x2  
  200  22:11  Nuke  
  193  22:26  Viking x2  
  194  22:42  Viking  
  192  22:50  Liberator x3  
  191  22:55  Marauder  
  186  22:59  Marine x7  
  181  23:08  Viking  
  181  23:12  Viking  
  194  23:16  Command Center  
  194  23:18  Ghost  
  194  23:19  Ghost x3  
  200  23:25  Liberator  
  200  23:26  Marine x3  
  200  23:27  Marine x5  
  192  23:33  Liberator  
  193  23:37  Viking  
  191  23:41  Missile Turret  
  191  23:44  Marine x4  
  191  23:48  Marauder x3  
  196  23:51  Ghost  
  196  23:52  Marine x4  
  181  24:02  Marine x4  
  171  24:03  Viking x2  
  171  24:08  Ghost x2  
  171  24:09  Ghost  
  167  24:10  Marine x4, Viking  
  169  24:20  Marine, Ghost  
  169  24:21  Planetary Fortress  
  172  24:24  Viking  
  174  24:33  Sensor Tower, Viking x3  
  180  24:40  Ghost x2, Medivac  
  183  24:51  Widow Mine x2  
  185  24:55  Viking  
  180  25:03  Viking  
  172  25:22  Marine  
  172  25:24  Marine  
  172  25:25  Marine x4  

Tags
 
Add a new tag
Caveats
  • Supply blocks, unpowered buildings, or Contaminate may cause inaccurate times.
  • Supply counts are checked every 10 seconds.